 Dungeon Crawl Stone Soup version 0.26-a0-660-gc07710193c (webtiles) character file.

Game seed: 1406641506466897598

12747 muata the Blocker (level 11, -5/101 HPs)
             Began as a Minotaur Berserker on Oct 6, 2020.
             Was an Elder of Trog.
             Slain by an orc knight
             ... wielding a +0 battleaxe
              (17 damage)
             ... on level 11 of the Dungeon.
             The game lasted 00:51:05 (10812 turns).

muata the Blocker (Minotaur Berserker)             Turns: 10812, Time: 00:51:06

Health: -5/101     AC: 15    Str: 23    XL:     11   Next: 66%
Magic:  10/10      EV:  5    Int:  8    God:    Trog [****..]
Gold:   693        SH: 19    Dex: 14    Spells: 10/10 levels left

rFire    . . .     SeeInvis .   B - +2 dagger of Exhibitionism {vorpal, Str-3 Dex+5}
rCold    . . .     Faith    .   f - +0 tower shield
rNeg     . . .     Spirit   .   i - +0 plate armour
rPois    .         Reflect  .   (helmet restricted)
rElec    .         Harm     .   w - scarf {repulsion}
rCorr    .         Rampage  .   G - +0 pair of gloves
MR       ++...                  (no boots)
Stlth    ..........             N - amulet of regeneration
HPRegen  1.66/turn              n - ring of stealth
MPRegen  0.12/turn              U - ring of the Sunfish {Int+4 Slay+4}

@: mighty, berserk cooldown, regenerating, slowed, lightly drained, repel
missiles, very slow
A: retaliatory headbutt, horns 2
a: Berserk, Trog's Hand, Brothers in Arms, Renounce Religion


You were on level 11 of the Dungeon.
You worshipped Trog.
Trog was greatly pleased with you.
You visited 2 branches of the dungeon, and saw 13 of its levels.

You collected 693 gold pieces.

Inventory:

Hand Weapons
 x - a +1 war axe
 B - the +2 dagger of Exhibitionism (weapon) {vorpal, Str-3 Dex+5}
   (You found it on level 5 of the Dungeon)

   It inflicts extra damage upon your enemies.
   It affects your strength (-3).
   It affects your dexterity (+5).
Missiles
 g - 89 poisoned darts (quivered)
 m - 436 stones
 Q - 8 curare-tipped darts
Armour
 f - a +0 tower shield (worn)
 i - a +0 plate armour (worn)
 w - a scarf of repulsion (worn)
 G - a +0 pair of gloves (worn)
 L - a +1 chain mail of fire resistance
Jewellery
 a - an uncursed ring of fire
 n - a ring of stealth (left hand)
 q - an uncursed amulet of reflection
 u - an uncursed ring of protection from cold
 N - an amulet of regeneration (around neck)
 P - an uncursed ring of flight {unknown}
 S - an uncursed ring of wizardry {unknown}
 U - the ring of the Sunfish (right hand) {Int+4 Slay+4}
   (You found it on level 12 of the Dungeon)

   [ring of slaying]

   It affects your intelligence (+4).
   It affects your accuracy and damage with ranged weapons and melee attacks
   (+4).
Wands
 l - a wand of disintegration (7)
 p - a wand of digging (9)
 I - a wand of random effects (22)
 R - a wand of flame (11)
Scrolls
 b - 2 scrolls of enchant weapon
 d - 2 scrolls of enchant armour {unknown}
 e - 2 scrolls of blinking
 j - 5 scrolls of remove curse
 k - 6 scrolls of teleportation
 r - 2 scrolls of noise {unknown}
 y - 2 scrolls of identify
 z - 2 scrolls of immolation {unknown}
 D - 2 scrolls of amnesia {unknown}
 E - a scroll of fear {unknown}
 F - 3 scrolls of magic mapping {unknown}
 M - 2 scrolls of summoning {unknown}
 O - 2 scrolls of fog {unknown}
Potions
 c - 5 potions of heal wounds
 h - 4 potions of lignification
 o - 2 potions of might
 s - 2 potions of ambrosia {unknown}
 t - 2 potions of curing
 v - 2 potions of brilliance
 A - 2 potions of mutation
 C - 2 potions of haste {unknown}
 H - 2 potions of invisibility {unknown}
 J - a potion of magic {unknown}
 K - a potion of flight {unknown}
 T - a potion of cancellation {unknown}


   Skills:
 + Level 10.4(9.8) Fighting
 - Level 10.5(9.9) Short Blades
 - Level 5.7(5.2) Axes
 + Level 10.2(9.6) Armour
 - Level 2.1(1.7) Dodging
 + Level 12.3(11.6) Shields


You had 10 spell levels left.
You didn't know any spells.
Your spell library contained the following spells:

 Spells                   Type           Power        Failure   Level
 Foxfire                  Conj/Fire      #...         100%        1
 Conjure Flame            Conj/Fire      #.......     100%        3
 Inner Flame              Hex/Fire       #.......     100%        3
 Sticky Flame             Conj/Fire      #.......     100%        4
 Fireball                 Conj/Fire      #.........   100%        5


Dungeon Overview and Level Annotations

Branches:
Dungeon (12/15)            Temple (0/1) D:4            Lair (0/6) D:10
    Orc (1/2) D:11

Altars:
Ashenzari
Gozag
Kikubaaqudgha
Makhleb
Nemelex Xobeh
Qazlal
Ru
Sif Muna
Trog
Vehumet
Wu Jian
Xom
The Shining One

Shops:
D:9 [   D:10 *   D:11 *


Innate Abilities, Weirdness & Mutations

You reflexively headbutt those who attack you in melee.
You have a pair of horns on your head.


Message History

The orc priest calls upon Beogh to heal the orc sorcerer.
The orc sorcerer is healed somewhat.
The orc sorcerer hits you but does no damage.
The orc knight hits you with a +0 battleaxe!
* * * LOW HITPOINT WARNING * * *
You climb upwards.
Welcome back to the Dungeon!
The chaos spawn degenerates into a cloud of primal chaos!
The orange demon disappears in a puff of smoke!
There is a staircase to the Orcish Mines here.
Your skin crawls.
You feel resistant to hostile enchantments.
The orc sorcerer casts a spell at you. The bolt of fire hits you!!
* * * LOW HITPOINT WARNING * * *
You block the orc knight's attack.
You barely miss the orc sorcerer.
The orc sorcerer is lightly wounded.
You block the orc sorcerer's attack.
The orc knight hits you with a +0 battleaxe!
You die...

#........##.)..........
#######################
#.≈...#................
#≈....#................
###................##...[
#.#.............[......^.
#!#.#....................
####.#.#..oo....[..).[[.....
#..#.'.#...@....(..)........
##.#########################
####.......##............#..#..
###.##..................###...###
#...............###.....###..## #
##...........................##
#..........................#.###
###...###.....##................
##..## ###..............).)..).


You could see an orc knight and an orc sorcerer.

Vanquished Creatures
  A hydra (D:11)
  An ugly thing (D:11)
  A gargoyle (D:12)
  A komodo dragon (D:10)
  A troll (D:10)
  2 polar bears (D:8)
  A hornet (D:9)
  Sigmund (D:5)
  A wraith (D:12)
  A wyvern (D:9)
  10 yaks
  A steam dragon (D:9)
  A warg (Orc:1)
  6 orc warriors
  3 black bears
  A swamp drake (D:11)
  2 sky beasts
  A necrophage (D:11)
  2 ice beasts
  2 phantoms
  6 ogres
  10 centaurs
  6 bullfrogs
  A water moccasin skeleton (D:6)
  4 scorpions
  2 killer bees (D:9)
  12 wights
  2 centaur zombies
  11 hounds
  A quasit (D:8)
  Crazy Yiuf (D:6)
  A jelly (D:5)
  10 orc priests
  3 centaur skeletons
  13 orc wizards
  An iguana (D:9)
  11 worker ants
  2 hound skeletons
  9 adders
  A hound simulacrum (D:8)
  4 white imps
  An ooze (D:3)
  2 ufetubi (D:8)
  An adder skeleton (D:6)
  7 worms
  A dart slug (D:2)
  4 leopard geckos
  58 orcs
  4 giant cockroaches
  8 goblins
  10 hobgoblins
  3 jackals (D:3)
  6 quokkas
  5 ball pythons
  3 bats
  3 frilled lizards (D:1)
  9 kobolds
  A quokka zombie (D:7)
  10 rats
287 creatures vanquished.

Vanquished Creatures (collateral kills)
  Sonja (D:11)
  An ugly thing (D:10)
  A troll (D:9)
  A polar bear (D:8)
  7 yaks
  A water moccasin (D:9)
  A phantom (D:11)
  2 orc warriors
  An eye of draining (D:9)
  A centaur (D:9)
  2 bullfrogs (D:8)
  A killer bee (D:9)
  A wight (D:9)
  A quasit (D:10)
  A jelly (D:8)
  2 orc wizards
  A howler monkey skeleton (D:8)
  An ufetubus (D:8)
  An orc (D:11)
  A quokka (D:9)
29 creatures vanquished.

Vanquished Creatures (others)
  An orc wizard (D:7)
  4 plants (D:10)
5 creatures vanquished.

Grand Total: 321 creatures vanquished

Notes
Turn   | Place    | Note
-------+----------+-------------------------------------------
     0 | D:1      | muata the Minotaur Berserker began the quest for the Orb.
     0 | D:1      | Reached XP level 1. HP: 19/19 MP: 0/0
   338 | D:1      | Reached XP level 2. HP: 27/27 MP: 1/1
   565 | D:1      | Reached skill level 1 in Shields
  1107 | D:2      | Reached XP level 3. HP: 13/33 MP: 2/2
  1330 | D:2      | Reached ** piety under Trog
  1657 | D:2      | Found a sparkling altar of Nemelex Xobeh.
  1792 | D:2      | You fall into a shaft and drop 2 floors!
  1792 | D:4      | Found a broken altar of Ashenzari.
  1793 | D:4      | Noticed a scorpion
  1795 | D:4      | Killed a scorpion
  1795 | D:4      | Reached skill level 2 in Shields
  1795 | D:4      | Reached XP level 4. HP: 41/41 MP: 3/3
  1875 | D:4      | Reached XP level 5. HP: 44/47 MP: 4/4
  1912 | D:4      | Found a stormy altar of Qazlal.
  2252 | D:3      | Reached *** piety under Trog
  2268 | D:3      | Reached skill level 3 in Shields
  2576 | D:3      | Found a burning altar of Makhleb.
  2583 | D:3      | Found a shimmering blue altar of Sif Muna.
  2601 | D:3      | Noticed a moth of wrath
  2605 | D:3      | Found a bloodstained altar of Trog.
  2925 | D:3      | Reached skill level 5 in Fighting
  2925 | D:3      | Reached skill level 5 in Axes
  3300 | D:4      | Found a staircase to the Ecumenical Temple.
  3306 | D:4      | Reached XP level 6. HP: 56/56 MP: 5/5
  3373 | D:4      | Found an ancient bone altar of Kikubaaqudgha.
  3769 | D:5      | Entered Level 5 of the Dungeon
  3807 | D:5      | Reached skill level 4 in Shields
  3936 | D:5      | Found a broken altar of Ashenzari.
  3999 | D:5      | Reached skill level 5 in Armour
  4015 | D:5      | Reached XP level 7. HP: 55/62 MP: 6/6
  4021 | D:5      | Found a sacrificial altar of Ru.
  4133 | D:5      | Found a radiant altar of Vehumet.
  4177 | D:5      | Got a masterwork dagger
  4181 | D:5      | Identified the cursed +2 dagger of Exhibitionism {vorpal,
                  | Str-3 Dex+5} (You found it on level 5 of the Dungeon)
  4259 | D:5      | Reached skill level 1 in Short Blades
  4365 | D:5      | Found a shimmering blue altar of Sif Muna.
  4403 | D:5      | Reached skill level 5 in Shields
  4521 | D:5      | Noticed Sigmund
  4526 | D:5      | Reached XP level 8. HP: 69/70 MP: 7/7
  4533 | D:5      | Reached **** piety under Trog
  4539 | D:5      | Killed Sigmund
  4539 | D:5      | Reached skill level 6 in Shields
  5174 | D:6      | Reached skill level 7 in Shields
  5175 | D:6      | Reached skill level 5 in Short Blades
  5403 | D:6      | Found a runed translucent door.
  5404 | D:6      | Noticed Crazy Yiuf
  5418 | D:6      | Killed Crazy Yiuf
  5618 | D:7      | Reached skill level 8 in Shields
  5737 | D:7      | Reached XP level 9. HP: 75/75 MP: 8/8
  6074 | D:7      | Found a glowing golden altar of the Shining One.
  6092 | D:7      | Reached skill level 9 in Shields
  6839 | D:8      | Noticed a polar bear
  6998 | D:8      | Found a shimmering altar of Xom.
  7019 | D:8      | Noticed a polar bear
  7032 | D:8      | Killed a polar bear
  7131 | D:8      | Killed a polar bear
  7131 | D:8      | Reached skill level 10 in Short Blades
  7187 | D:8      | Noticed a polar bear
  7204 | D:8      | Killed a polar bear
  7539 | D:9      | Reached XP level 10. HP: 83/83 MP: 9/9
  7639 | D:9      | Found Koibbuxis's Armour Emporium.
  7874 | D:9      | Reached skill level 10 in Shields
  8174 | D:9      | Reached ***** piety under Trog
  8270 | D:9      | Found an ornate altar of the Wu Jian Council.
  8431 | D:10     | Entered Level 10 of the Dungeon
  8692 | D:10     | Found a staircase to the Lair.
  8714 | D:10     | Reached skill level 11 in Shields
  8732 | D:10     | Found Parean's General Store.
  8737 | D:10     | Found an opulent altar of Gozag.
  8819 | D:10     | Reached XP level 11. HP: 95/95 MP: 10/10
  9089 | D:10     | Noticed a brown ugly thing
  9096 | D:10     | Killed a brown ugly thing
  9650 | D:11     | Noticed a white ugly thing
  9660 | D:11     | Killed a white ugly thing
  9666 | D:11     | Noticed Sonja
  9696 | D:11     | Killed Sonja
  9912 | D:11     | Found Beca's Assorted Antiques.
 10068 | D:11     | Found a staircase to the Orcish Mines.
 10319 | D:12     | Reached skill level 10 in Fighting
 10334 | D:12     | Reached skill level 12 in Shields
 10387 | D:12     | Noticed a four-headed hydra
 10423 | D:11     | Killed a four-headed hydra
 10423 | D:11     | Reached skill level 10 in Armour
 10462 | D:12     | Got a shimmering glass ring
 10464 | D:12     | Identified the ring of the Sunfish {Int+4 Slay+4} (You
                  | found it on level 12 of the Dungeon)
 10495 | D:12     | Noticed a boulder beetle
 10709 | D:12     | Noticed a skeletal warrior
 10710 | D:12     | Noticed a skeletal warrior
 10710 | D:12     | Noticed a skeletal warrior
 10774 | Orc:1    | Entered Level 1 of the Orcish Mines
 10790 | Orc:1    | Noticed an orc sorcerer
 10794 | Orc:1    | Noticed an orc knight
 10812 | D:11     | Slain by an orc knight

Illustrated notes

Levels and vault maps discovered:
D:1:      ncdulo_lavacross, layout_basic
D:2:      layout_rooms, nicolae_overflow_crystal_walls, guppyfry_early_orc_mine
D:3:      layout_loops_ring, tgw_trog, grunt_temple_overflow_open
D:4:      wad_pebble_path, layout_loops_cross, nicolae_qazlal_general_emergency,
          general_overflow_altar, minmay_temple_entry_hall,
          evilmike_ruin_ashenzari
D:5:      layout_basic, lemuel_doored_altar, hangedman_ru_absence,
          overflow_temple_1_default, basic_altar, kennysheep_generic_room_10,
          uniq_sigmund
D:6:      layout_rooms, uniq_crazy_yiuf_cottage
D:7:      layout_loops_corners, lemuel_crystal_altar, chequers_arboretum
D:8:      layout_cave_pools, lemuel_round_altar, serial_ice, serial_ice_d,
          serial_ice_b, serial_ice_m, serial_ice_i
D:9:      layout_basic, lemuel_crystal_altar, serial_shops, nicolae_shop_trees
D:10:     layout_cave_pools, david_lair_shrubbed, serial_shops, shop,
          nicolae_gozag_seed_capital
D:11:     layout_cave_pools, erik_orc_1, serial_shops, kennysheep_mini,
          uniq_sonja
D:12:     layout_cave_pools, serial_column_ruins, column_ruins_open_tiny_water,
          column_ruins_open_tiny, column_ruins_grid_1,
          column_ruins_columns_straight, column_ruins_columns_T
Orc:1:    layout_caves, uniq_erica

Skill      XL: |  1  2  3  4  5  6  7  8  9 10 11 |
---------------+----------------------------------+-----
Shields        | 1 2 3 4 5 8 9 11 12 | 12.3
Fighting       | 4 5 6 8 10 | 10.4
Axes           | 4 5 |  5.7
Armour         | 3 4 5 8 10 | 10.2
Short Blades   | 3 6 10 | 10.5
Dodging        | |  2.1

Action                   |  1- 3 |  4- 6 |  7- 9 | 10-12 || total
-------------------------+-------+-------+-------+-------++-------
Melee: Hand axe          |    79 |    83 |       |       ||   162
       Headbutt          |    12 |    26 |    64 |   144 ||   246
       War axe           |       |    93 |     8 |       ||   101
       Dagger            |       |       |   350 |   514 ||   864
Throw: Dart              |       |       |     2 |    22 ||    24
Invok: Berserk           |     3 |     2 |    14 |    17 ||    36
       Trog's Hand       |       |     1 |     3 |     5 ||     9
       Brothers in Arms  |       |       |     2 |     8 ||    10
  Use: Scroll            |       |       |    12 |     1 ||    13
       Potion            |       |       |       |     4 ||     4
Armor: Animal skin       |     2 |       |       |       ||     2
       Leather armour    |    16 |       |       |       ||    16
       Chain mail        |     6 |    62 |    83 |       ||   151
       Plate armour      |       |       |       |   166 ||   166
Dodge: Dodged            |    24 |    28 |    38 |    53 ||   143
       Repelled          |       |     1 |     1 |     1 ||     3
Block: Tower shield      |    66 |   133 |   285 |   425 ||   909
       Reflection        |       |       |     7 |       ||     7

Table legend: (Time is in decaauts)
 A = Elapsed time spent in this place.
 B = Non-inter-level travel time spent in this place.
 C = Inter-level travel time spent in this place.
 D = Time resting spent in this place.
 E = Time spent auto-exploring this place.
 F = Levels seen in this place.
 G = Mean time per level.
                   A        B        C        D        E       F      G
               +--------+--------+--------+--------+--------+-----+--------+
         Total |  10925 |  10355 |    570 |   1658 |   4943 |  13 |  840.4 |
       Dungeon |  10892 |  10322 |    570 |   1658 |   4943 |  12 |  907.7 |
  Orcish Mines |     32 |     32 |      0 |      0 |      0 |   1 |   32.0 |
               +--------+--------+--------+--------+--------+-----+--------+

Top non-repeatable levels by time:
     D:7: 1345 daAuts
    D:11: 1189 daAuts
     D:5: 1169 daAuts
     D:3: 1166 daAuts
     D:9: 970 daAuts
     D:1: 957 daAuts
     D:2: 920 daAuts
     D:4: 847 daAuts
    D:10: 825 daAuts
     D:8: 681 daAuts
     D:6: 590 daAuts
    D:12: 227 daAuts
   Orc:1: 32 daAuts
